 Dungeon Crawl Stone Soup version 0.26.1-2-gb8aa6d0cf2 (webtiles) character file.

Game seed: 8368013633930632360

959 sankara the Covert (level 7, 0/32 HPs)
             Began as a Spriggan Enchanter on Mar 25, 2021.
             Slain by an ice beast (10 damage)
             ... on level 5 of the Dungeon.
             The game lasted 00:34:11 (8172 turns).

sankara the Covert (Spriggan Enchanter)             Turns: 8172, Time: 00:34:12

Health: 0/32       AC:  4    Str: 14    XL:     7   Next: 91%
Magic:  2/14       EV: 22    Int: 18    God:
Gold:   222        SH:  0    Dex: 22    Spells: 5/14 levels left

rFire    . . .     SeeInvis +   a - +1 dagger
rCold    . . .     Faith    .   (shield restricted)
rNeg     + . .     Spirit   .   w - +2 robe {rN+}
rPois    .         Reflect  .   (helmet restricted)
rElec    .         Harm     .   e - scarf {+Inv}
rCorr    .         Rampage  .   (gloves unavailable)
Will     +....                  (boots unavailable)
Stlth    +++++.....             (no amulet)
HPRegen  0.10/turn              f - +6 ring of strength
MPRegen  0.14/turn              m - ring "Caumos" {+Inv Str+4 Dex+5 Stlth+}

@: very quick
A: very small, unfitting armour, see invisible, speed 3
a: Evoke Invisibility


You were on level 5 of the Dungeon.
You visited 1 branch of the dungeon, and saw 5 of its levels.

You collected 222 gold pieces.

Inventory:

Hand Weapons
 a - a +1 dagger (weapon)
 o - a +0 whip of electrocution
 p - a +0 hunting sling
 q - a +0 rapier
Missiles
 d - 121 stones
 n - 3 boomerangs
Armour
 b - a +0 robe
 e - a scarf of invisibility (worn)
 w - a +2 robe of positive energy (worn)
 x - a +2 robe of willpower
Magical Staves
 s - an uncursed staff of conjuration
Jewellery
 f - a +6 ring of strength (left hand)
 m - the ring "Caumos" (right hand) {+Inv Str+4 Dex+5 Stlth+}
   (You found it on level 4 of the Dungeon)

   [ring of stealth]

   It affects your strength (+4).
   It affects your dexterity (+5).
   It lets you turn invisible.
   It makes you more stealthy.
Wands
 i - a wand of flame (18)
 t - a wand of iceblast (3)
 u - a wand of paralysis (6)
Scrolls
 c - 5 scrolls of teleportation
 k - 3 scrolls of remove curse
Potions
 g - 4 potions of curing
 h - 2 potions of flight {unknown}
 j - a potion of might
 l - 2 potions of haste
 r - a potion of magic {unknown}
 v - a potion of mutation {unknown}


   Skills:
 - Level 3.0 Short Blades
 + Level 5.1 Dodging
 + Level 8.3 Stealth
 - Level 4.0 Spellcasting
 + Level 6.2 Hexes
 - Level 3.0 Ice Magic
 - Level 3.0 Evocations


You had 5 spell levels left.
You knew the following spells:

 Your Spells              Type           Power        Failure   Level
a - Corona                Hex            28%          1%          1
b - Ensorcelled Hibernat  Hex/Ice        40%          3%          2
c - Tukima's Dance        Hex            26%          3%          3
d - Dazzling Flash        Conj/Hex       28%          12%         3

Your spell library contained the following spells:

 Spells                   Type           Power        Failure   Level
 Confusing Touch          Hex            26%          3%          3


Dungeon Overview and Level Annotations

Branches:
Dungeon (5/15)
 Temple: D:4-7

Altars:
Makhleb


Innate Abilities, Weirdness & Mutations

You are very small and have problems with some larger weapons.
You are too small for most types of armour.
You have supernaturally acute eyesight. (SInv)
You cover ground extremely quickly.


Message History

Casting: Ensorcelled Hibernation (safe; 3% risk of failure)
Confirm with . or Enter, or press ? or * to list all spells.
The spell is quite dangerous to cast (12% risk of failure)!
Continue anyway?
The ice beast is dazzled.
The ice beast closely misses you.
You hit the ice beast but do no damage.
The ice beast is heavily wounded.
You hit the ice beast but do no damage.
The ice beast is heavily wounded.
You are too injured to fight recklessly!
You are too injured to fight recklessly!
You hit the ice beast but do no damage.
The ice beast is heavily wounded.
You hit the ice beast.
The ice beast is heavily wounded.
The ice beast is no longer blind.
The ice beast completely misses you.
Casting: Dazzling Flash (quite dangerous; 12% risk of failure)
Confirm with . or Enter, or press ? or * to list all spells.
The spell is quite dangerous to cast (12% risk of failure)!
Continue anyway?
The ice beast hits you. The ice beast freezes you!
You die...

### #.....#...##.##..
#####.>##..##........##..
........#.#..##.#.).....
###...........##..##.....
...#..............###.....
.....................#......
#...................#####....
#..................###..#....
#....##.....@..............##
####.....#......Y.....#....#...#
#..#..................#...##....
..........................#.....
#..............................
##......^..##............##.##.
.#....).)...##........#....#..##
.....................##.......##
...........###.......#..........


You could see an ice beast.

Vanquished Creatures
  Duvessa (D:3)
  An ogre (D:5)
  Blork the orc (D:5)
  Dowan (D:3)
  A scorpion (D:4)
  A centaur skeleton (D:4)
  3 orc priests
  7 orc wizards
  2 worker ants
  Robin (D:4)
  8 adders
  An ooze (D:3)
  3 worms (D:3)
  A dart slug (D:2)
  6 leopard geckos
  20 orcs
  2 ball pythons
  4 giant cockroaches
  15 goblins
  13 hobgoblins
  8 jackals
  3 quokkas
  9 bats
  12 frilled lizards
  13 kobolds
  A quokka zombie (D:4)
  8 rats
146 creatures vanquished.

Vanquished Creatures (others)
  A dancing weapon (D:4)
1 creature vanquished.

Grand Total: 147 creatures vanquished

Notes
Turn   | Place    | Note
-------+----------+-------------------------------------------
     0 | D:1      | sankara the Spriggan Enchanter began the quest for the Orb.
     0 | D:1      | Reached XP level 1. HP: 9/9 MP: 5/5
   405 | D:1      | Reached XP level 2. HP: 5/13 MP: 3/6
   936 | D:1      | Reached skill level 5 in Stealth
  1182 | D:1      | Learned a level 2 spell: Ensorcelled Hibernation
  1741 | D:1      | Reached XP level 3. HP: 16/16 MP: 3/8
  1811 | D:2      | Learned a level 3 spell: Tukima's Dance
  1820 | D:2      | Reached skill level 1 in Evocations
  2670 | D:2      | Reached XP level 4. HP: 21/21 MP: 6/9
  2862 | D:2      | Reached skill level 1 in Ice Magic
  2992 | D:2      | Reached skill level 6 in Stealth
  2992 | D:2      | Reached XP level 5. HP: 24/24 MP: 5/10
  3602 | D:3      | Reached XP level 6. HP: 28/28 MP: 4/11
  4432 | D:3      | Reached skill level 5 in Hexes
  4657 | D:3      | Found a burning altar of Makhleb.
  4657 | D:3      | Noticed a blizzard demon
  4669 | D:3      | Noticed a smoke demon
  4669 | D:3      | Noticed a ynoxinul
  5005 | D:4      | Learned a level 3 spell: Dazzling Flash
  5103 | D:5      | Entered Level 5 of the Dungeon
  5120 | D:5      | Noticed Blork the orc
  5331 | D:4      | Got a clouded iron ring
  5332 | D:4      | Identified the ring "Caumos" {+Inv Str+4 Dex+5 Stlth+} (You
                  | found it on level 4 of the Dungeon)
  5811 | D:4      | Reached skill level 7 in Stealth
  5824 | D:4      | Noticed Robin
  6188 | D:4      | Killed Robin
  6304 | D:4      | Reached XP level 7. HP: 29/32 MP: 8/13
  6577 | D:5      | Noticed Duvessa
  6577 | D:5      | Noticed Dowan
  7256 | D:3      | Killed Duvessa
  7869 | D:3      | Killed Dowan
  8067 | D:5      | Killed Blork the orc
  8068 | D:5      | Reached skill level 8 in Stealth
  8081 | D:5      | Reached skill level 5 in Dodging
  8172 | D:5      | Slain by an ice beast

Illustrated notes

Levels and vault maps discovered:
D:1:      shiori_arrival_maze, layout_basic
D:2:      layout_basic, serial_curves, eino_curves_04, eino_curves_02
D:3:      layout_loops_ring, minmay_misc_feat_tower, minmay_misc_feat_square,
          makhleb_altar_promises_db
D:4:      layout_cave_pools, minmay_fractal_squares_gapless_5, uniq_robin
D:5:      layout_cave_pools, grunt_temple_overflow_holy_war, serial_shops, shop,
          roderic_roman_lattice, lightli_corner_chamber, uniq_blork_the_orc,
          uniq_duvessa

Skill      XL: |  1  2  3  4  5  6  7 |
---------------+----------------------+-----
Stealth        | 5 6 7 8 |  8.3
Spellcasting   | 3 4 |  4.0
Hexes          | 4 5 6 |  6.2
Evocations     | 1 2 3 |  3.0
Short Blades   | 2 3 |  3.0
Ice Magic      | 1 2 3 |  3.0
Dodging        | 5 |  5.1

Action                   |  1- 3 |  4- 6 |  7- 9 || total
-------------------------+-------+-------+-------++-------
Melee: Dagger            |   119 |   150 |    52 ||   321
 Cast: Corona            |    16 |     1 |       ||    17
       Ensorcelled Hiber |    26 |    74 |    25 ||   125
       Dazzling Flash    |       |     6 |     8 ||    14
       Tukima's Dance    |       |     4 |       ||     4
Evoke: Wand              |       |       |     6 ||     6
  Use: Scroll            |       |     8 |     1 ||     9
 Stab: Sleeping          |    33 |    54 |    10 ||    97
       Invisible         |       |     3 |     7 ||    10
       Distracted        |       |     1 |       ||     1
       Paralysed         |       |       |     1 ||     1
Armor: Robe              |    15 |    11 |     3 ||    29
Dodge: Dodged            |   105 |   140 |    89 ||   334
